 Dungeon Crawl Stone Soup version 0.27.1-4-g1640c2035a (webtiles) character file.

Game seed: 10649785912924513532

145 Crownlay the Chiller (level 5, 0/37 HPs)
             Began as a Gnoll Ice Elementalist on Nov 1, 2021.
             Slain by Pikel (5 damage)
             ... on level 4 of the Dungeon.
             The game lasted 00:02:50 (3254 turns).

Crownlay the Chiller (Gnoll Ice Elementalist)       Turns: 3254, Time: 00:02:50

Health: 0/37       AC:  9    Str:  7    XL:     5   Next: 27%
Magic:  5/12       EV: 13    Int: 16    God:
Gold:   136        SH:  0    Dex: 12    Spells: 7/14 levels left

rFire    . . .     SeeInvis .   g - +0 mace
rCold    . . .     Faith    .   (no shield)
rNeg     . . .     Spirit   .   a - +0 robe
rPois    .         Reflect  .   (no helmet)
rElec    .         Harm     .   (no cloak)
rCorr    .         Rampage  .   (no gloves)
Will     .....                  (no boots)
Stlth    +++.......             j - amulet of magic regeneration
HPRegen  0.12/turn              i - ring of flight
MPRegen  0.38/turn              (no ring)

@: ice-armoured, freezing walls, flying
A: fangs 1, strong nose, distributed training
a: no special abilities


You were on level 4 of the Dungeon.
You visited 1 branch of the dungeon, and saw 4 of its levels.

You collected 136 gold pieces.

Inventory:

Hand Weapons
 g - a +0 mace (weapon)
Armour
 a - a +0 robe (worn)
Jewellery
 i - a ring of flight (left hand)
 j - an amulet of magic regeneration (around neck)
Scrolls
 d - a scroll of noise {unknown}
 f - a scroll of teleportation {unknown}
 h - a scroll of holy word {unknown}
Potions
 b - 2 potions of curing {unknown}
 c - a potion of invisibility {unknown}
 e - 4 potions of cancellation {unknown}


   Skills:
 + Level 1.4 Fighting
 + Level 1.4 Short Blades
 + Level 1.4 Long Blades
 + Level 1.4 Axes
 + Level 1.4 Maces & Flails
 + Level 1.4 Polearms
 + Level 1.4 Staves
 + Level 1.4 Slings
 + Level 1.4 Bows
 + Level 1.4 Crossbows
 + Level 1.4 Throwing
 + Level 1.4 Armour
 + Level 4.7 Dodging
 + Level 4.4 Stealth
 + Level 1.4 Shields
 + Level 1.4 Unarmed Combat
 + Level 5.2 Spellcasting
 + Level 1.1 Conjurations
 + Level 1.1 Hexes
 + Level 1.1 Summonings
 + Level 1.1 Necromancy
 + Level 1.1 Translocations
 + Level 1.1 Transmutations
 + Level 1.1 Fire Magic
 + Level 7.2 Ice Magic
 + Level 1.1 Air Magic
 + Level 1.1 Earth Magic
 + Level 1.1 Poison Magic
 + Level 1.6 Invocations
 + Level 1.4 Evocations


You had 7 spell levels left.
You knew the following spells:

 Your Spells              Type           Power      Damage    Failure   Level
a - Freeze                Ice            100%       1d11      1%          1
b - Frozen Ramparts       Ice            54%        1d7       2%          3
c - Ozocubu's Armour      Ice            27%        N/A       2%          3

Your spell library contained the following spells:

 Spells                   Type           Power      Damage    Failure   Level
 Sting                    Tmut/Pois      28%        1d4       10%         1
 Blink                    Tloc           N/A        N/A       14%         2
 Poisonous Vapours        Pois/Air       14%        N/A       14%         2
 Hailstorm                Conj/Ice       17%        3d6       26%         4
 Lesser Beckoning         Tloc           3%         N/A       28%         3
 Olgreb's Toxic Radiance  Pois           7%         N/A       67%         4
 Manifold Assault         Tloc           7%         N/A       95%         5
 Simulacrum               Ice/Necr       8%         N/A       99%         6


Dungeon Overview and Level Annotations

Branches:
Dungeon (4/15)
 Temple: D:4-7

Altars:

Annotations:
D:4 Pikel


Innate Abilities, Weirdness & Mutations

You have very sharp teeth.
Your uncanny sense of smell can sniff out nearby items.
Your experience applies equally to all skills.


Message History

You completely miss Pikel. You bite Pikel, but do no damage.
The wall freezes the lemure!
You closely miss Pikel.
The frozen ramparts melt away.
Pikel hits you with a +0 whip of flaming.
Pikel burns you. The orc hits you but does no damage.
Pikel hits you with a +0 whip of flaming.
Pikel burns you. The heat melts your icy armour.
Casting: Ozocubu's Armour (dangerous; 2% risk of failure)
Confirm with . or Enter, or press ? or * to list all spells.
Casting: Frozen Ramparts (dangerous; 2% risk of failure)
Press: ? - help, Dir - look around, f - activate The walls around you are covered in ice.
The wall freezes the lemure.
The orc misses you.
The wall freezes Pikel.
Pikel hits you with a +0 whip of flaming.
Pikel burns you. The heat melts your icy armour.
Casting: Frozen Ramparts (dangerous; 2% risk of failure)
Confirm with . or Enter, or press ? or * to list all spells.
Your icy armour thickens.
The wall freezes the lemure.
The orc closely misses you.
The wall freezes Pikel.
Pikel hits you with a +0 whip of flaming.
Pikel burns you. The heat melts your icy armour.
You closely miss Pikel.
Pikel is lightly wounded.
The wall freezes the lemure!
You kill the lemure!
That felt strangely unrewarding.
The orc closely misses you.
The wall freezes Pikel.
Pikel hits you with a +0 whip of flaming!
* * * LOW HITPOINT WARNING * * *
Pikel burns you.
* * * LOW HITPOINT WARNING * * *
The heat melts your icy armour.
You barely miss Pikel.
Pikel is moderately wounded.
The orc barely misses you.
The wall freezes the lemure.
The wall freezes Pikel.
Pikel hits you with a +0 whip of flaming.
You die...

+.......
#...... ##
#..... ###.
#....#
#....#....#
#....#....#
∆
#...5K.o..#
#@...#
#....#
#######....#
#..<......##
#.........#
#.........#
#.........#
#.....##+##
#.....#


You could see Pikel, a lemure and an orc.

Vanquished Creatures
  2 lemures (D:4)
  An orc priest (D:2)
  An iguana (D:3)
  2 adders (D:2)
  2 worms
  5 orcs
  7 bats
  7 endoplasms
  3 giant cockroaches
  4 goblins
  9 hobgoblins
  2 quokkas
  3 ball pythons (D:2)
  4 frilled lizards
  4 kobolds
  8 rats
64 creatures vanquished.

Notes
Turn   | Place    | Note
-------+----------+-------------------------------------------
     0 | D:1      | Crownlay the Gnoll Ice Elementalist began the quest for the
                  | Orb.
     0 | D:1      | Reached XP level 1. HP: 13/13 MP: 6/6
   126 | D:1      | Reached XP level 2. HP: 19/19 MP: 5/7
  1056 | D:1      | Reached XP level 3. HP: 25/25 MP: 6/9
  1199 | D:1      | Learned a level 3 spell: Frozen Ramparts
  1203 | D:1      | Learned a level 3 spell: Ozocubu's Armour
  1232 | D:1      | Reached skill level 5 in Spellcasting
  1543 | D:2      | Got the Tome of Cold
  1552 | D:2      | Reached skill level 1 in Invocations
  1553 | D:2      | Reached skill level 1 in Fighting
  1553 | D:2      | Reached skill level 1 in Short Blades
  1553 | D:2      | Reached skill level 1 in Long Blades
  1553 | D:2      | Reached skill level 1 in Axes
  1553 | D:2      | Reached skill level 1 in Maces & Flails
  1553 | D:2      | Reached skill level 1 in Polearms
  1553 | D:2      | Reached skill level 1 in Staves
  1553 | D:2      | Reached skill level 1 in Slings
  1553 | D:2      | Reached skill level 1 in Bows
  1553 | D:2      | Reached skill level 1 in Crossbows
  1553 | D:2      | Reached skill level 1 in Throwing
  1553 | D:2      | Reached skill level 1 in Armour
  1553 | D:2      | Reached skill level 1 in Shields
  1553 | D:2      | Reached skill level 1 in Unarmed Combat
  1553 | D:2      | Reached skill level 1 in Evocations
  1553 | D:2      | Reached XP level 4. HP: 19/32 MP: 3/11
  1789 | D:2      | Reached skill level 1 in Conjurations
  1789 | D:2      | Reached skill level 1 in Hexes
  1789 | D:2      | Reached skill level 1 in Summonings
  1789 | D:2      | Reached skill level 1 in Necromancy
  1789 | D:2      | Reached skill level 1 in Translocations
  1789 | D:2      | Reached skill level 1 in Transmutations
  1789 | D:2      | Reached skill level 1 in Fire Magic
  1789 | D:2      | Reached skill level 1 in Air Magic
  1789 | D:2      | Reached skill level 1 in Earth Magic
  1789 | D:2      | Reached skill level 1 in Poison Magic
  2275 | D:3      | Found a faded altar of an unknown god.
  2608 | D:3      | Reached XP level 5. HP: 37/37 MP: 9/12
  3243 | D:4      | Noticed a lemure
  3243 | D:4      | Noticed a lemure
  3243 | D:4      | Noticed a lemure
  3245 | D:4      | Noticed a lemure
  3246 | D:4      | Noticed Pikel
  3248 | D:4      | Killed a lemure
  3253 | D:4      | Killed a lemure
  3254 | D:4      | Slain by Pikel

Illustrated notes

Levels and vault maps discovered:
D:1:      dpeg_arrival_arbitrary_c, layout_basic
D:2:      layout_rooms
D:3:      layout_loops_ring, ebering_ecumenical_altar_petrified, minivault_27,
          kennysheep_donut
D:4:      layout_gridville, uniq_crazy_yiuf_cottage, uniq_pikel

Skill      XL: |  1  2  3  4 |
---------------+-------------+-----
Spellcasting   | 5 |  5.2
Invocations    | 1 |  1.6
Fighting       | 1 |  1.4
Short Blades   | 1 |  1.4
Long Blades    | 1 |  1.4
Axes           | 1 |  1.4
Maces & Flails | 1 |  1.4
Polearms       | 1 |  1.4
Staves         | 1 |  1.4
Slings         | 1 |  1.4
Bows           | 1 |  1.4
Crossbows      | 1 |  1.4
Throwing       | 1 |  1.4
Armour         | 1 |  1.4
Shields        | 1 |  1.4
Unarmed Combat | 1 |  1.4
Evocations     | 1 |  1.4
Conjurations   | 1 |  1.1
Hexes          | 1 |  1.1
Summonings     | 1 |  1.1
Necromancy     | 1 |  1.1
Translocations | 1 |  1.1
Transmutations | 1 |  1.1
Fire Magic     | 1 |  1.1
Air Magic      | 1 |  1.1
Earth Magic    | 1 |  1.1
Poison Magic   | 1 |  1.1
Dodging        | |  4.7
Stealth        | |  4.4
Ice Magic      | |  7.2

Action                   |  1- 3 |  4- 6 || total
-------------------------+-------+-------++-------
Melee: Unarmed           |    13 |       ||    13
       Bite              |     2 |     2 ||     4
       Mace              |       |    14 ||    14
 Cast: Freeze            |    35 |    51 ||    86
       Ozocubu's Armour  |     1 |     2 ||     3
       Frozen Ramparts   |     1 |     2 ||     3
Armor: Robe              |     7 |    10 ||    17
Dodge: Dodged            |    18 |    28 ||    46
